 Dungeon Crawl Stone Soup version 0.18-a0-1626-g65af6d3 (webtiles) character file.

515 namelastname112 the Cutter (level 7, 79/90 HPs)
             Began as a Mottled Draconian Berserker on Mar 24, 2016.
             Was an Elder of Trog.
             Quit the game on level 5 of the Dungeon.
             The game lasted 00:05:22 (4219 turns).

namelastname112 the Cutter (DrBe)                   Turns: 4219, Time: 00:05:23

Health: 79/90      AC:  7    Str: 28    XL:     7   Next: 0%
Magic:  7/7        EV: 13    Int:  4    God:    Trog [****..]
Gold:   180        SH:  0    Dex: 12    Spells: 0 memorised, 6 levels left

rFire  . . .     SeeInvis .     p - +4 dagger
rCold  . . .     Gourm    .     (armour unavailable)
rNeg   . . .     Faith    .     (no shield)
rPois  .         Spirit   .     (helmet restricted)
rElec  .         Dismiss  .     (no cloak)
rCorr  +         Reflect  .     (no gloves)
SustAt .         Harm     .     y - +0 pair of boots (curse)
MR     .....                    (no amulet)
Stlth  ..........               (no ring)
                                j - ring of resist corrosion

@: berserking (expiring), very quick, not resistant to hostile enchantments,
extremely unstealthy
A: breathe sticky flame splash, unfitting armour, blurry vision 1, cold-blooded,
AC +6
a: Breathe Sticky Flame, Berserk, Trog's Hand, Brothers in Arms, Burn
Spellbooks, Renounce Religion


You were on level 5 of the Dungeon.
You worshipped Trog.
Trog was greatly pleased with you.
You were not hungry.

You visited 1 branch of the dungeon, and saw 5 of its levels.

You collected 180 gold pieces.

Inventory:

Hand Weapons
 p - a +4 dagger (weapon)
Missiles
 t - 8 poisoned needles
Armour
 y - a cursed +0 pair of boots (worn)
Jewellery
 a - a +4 amulet of reflection {unknown}
 j - a ring of resist corrosion (left hand)
Wands
 B - a wand of polymorph (13/24)
Scrolls
 c - 6 scrolls of identify
 e - a scroll of remove curse
 k - a scroll of blinking {unknown}
 l - a scroll of recharging {unknown}
 o - a scroll of enchant armour {unknown}
 r - 2 scrolls of teleportation {unknown}
 u - a scroll of fog {unknown}
Potions
 d - 5 potions of curing {unknown}
 f - a potion of might
 g - a potion of degeneration {unknown}
 h - a potion of cure mutation {unknown}
 i - a potion of agility {unknown}
 m - a potion of ambrosia {unknown}
 n - a potion of heal wounds {unknown}
 z - 2 potions of flight {unknown}
Books
 v - a book of the Sky

   Spells                             Type                      Level
   a - Summon Lightning Spire         Summoning/Air                4
   b - Airstrike                      Air                          4
   c - Silence                        Hexes/Air                    5
   d - Deflect Missiles               Charms/Air                   6
   e - Conjure Ball Lightning         Conjuration/Air              6
   f - Tornado                        Air                          9
   Trog disapproves of the use of such an item.
 w - a book of the Tempests

   Spells                             Type                      Level
   a - Static Discharge               Conjuration/Air              3
   b - Lightning Bolt                 Conjuration/Air              5
   c - Fireball                       Conjuration/Fire             5
   d - Tornado                        Air                          9
   e - Shatter                        Earth                        9
   Trog disapproves of the use of such an item.
Comestibles
 b - 3 bread rations
 q - 3 meat rations
 s - a slice of pizza
 x - 6 fruits
 A - 4 chunks of flesh


   Skills:
 + Level 4.7 Fighting
 * Level 5.1 Short Blades
 + Level 3.5 Dodging
 * Level 4.2 Stealth


You had 6 spell levels left.
You didn't know any spells.

Dungeon Overview and Level Annotations

Branches:
Dungeon (5/15)             Temple (0/1) D:5

Altars:
Ashenzari
Cheibriados
Trog
Yredelemnul
The Shining One


Innate Abilities, Weirdness & Mutations

You can spit globs of burning liquid.
You can ignite nearby creatures when you spit burning liquid.
Your weird mottled scales are hard (AC +6).
Your body does not fit into most forms of armour.
You are cold-blooded and may be slowed by cold attacks.
Scrolls take you a little longer to read.


Message History

Trog accepts your kill.
Trog appreciates your killing of a magic user.
You have reached level 7!
Your scales start taking on a weird mottled colour.
You learn Fire Magic quicker.
You can spit globs of burning liquid.
You can ignite nearby creatures when you spit burning liquid.
Things that are here:
a dagger; a robe There isn't anything to butcher here.
You feel a strong urge to attack something.
Things that are here:
a falchion; a ring mail; an orc corpse You butcher the orc corpse.
You enjoyed that.
A - 4 chunks of flesh
Things that are here:
a falchion; a ring mail; an orc skeleton Are you sure you want to abandon this character and quit the game? (Confirm with "yes".)
Okay, then.
Unknown command.
Are you sure you want to abandon this character and quit the game? (Confirm with "yes".)

##....## #.##
#......# #.##
#......###..#
#.....##.....
#.....#......
########...<.###...
####............#
#...
###.....)....#...##
##..
.......@)#####..##
##.. .........#
##..# #...
#.......## ##..##
#... #.......#
#...# #...
#......## #...##
#... #.....# ##...#
#... ##..## #...#
#... ### ##..##
#.## ####...# ###


There were no monsters in sight!

Vanquished Creatures
  A scorpion (D:4)
  A hound (D:4)
  5 orc wizards
  2 iguanas (D:5)
  3 worker ants (D:4)
  A hound skeleton (D:4)
  An adder (D:3)
  2 shadow imps (D:5)
  4 oozes
  2 worms (D:2)
  3 dart slugs
  6 giant geckos
  12 orcs
  4 giant cockroaches
  5 goblins
  16 hobgoblins
  5 jackals
  2 ball pythons
  9 bats
  A giant gecko zombie (D:5)
  6 giant newts
  8 kobolds
  11 rats
110 creatures vanquished.

Notes
Turn   | Place    | Note
--------------------------------------------------------------
     0 | D:1      | namelastname112 the Draconian Berserker began the quest for the Orb.
     0 | D:1      | Reached XP level 1. HP: 19/19 MP: 1/1
    87 | D:1      | Reached XP level 2. HP: 13/26 MP: 2/2
   152 | D:1      | Reached skill level 1 in Stealth
   741 | D:1      | Reached ** piety under Trog
   741 | D:1      | Reached XP level 3. HP: 31/31 MP: 3/3
  1221 | D:2      | Found a basalt altar of Yredelemnul.
  1429 | D:2      | Reached XP level 4. HP: 20/40 MP: 4/4
  1436 | D:2      | Drew Focus: Str increased to 21, Int decreased to 6
  1438 | D:2      | Drew Focus: Str increased to 22, Int decreased to 5
  1442 | D:2      | Drew Focus: Str increased to 23, Int decreased to 4
  1443 | D:2      | Gained mutation: Scrolls take you a little longer to read. [helix card]
  1805 | D:3      | Found a snail-covered altar of Cheibriados.
  2201 | D:3      | Reached *** piety under Trog
  2819 | D:3      | Reached XP level 5. HP: 43/46 MP: 5/5
  3090 | D:4      | Reached skill level 4 in Short Blades
  3330 | D:4      | Reached XP level 6. HP: 46/53 MP: 6/6
  3359 | D:4      | Found a glowing golden altar of the Shining One.
  3413 | D:4      | Found a shattered altar of Ashenzari.
  3815 | D:5      | Entered Level 5 of the Dungeon
  3825 | D:5      | Found a bloodstained altar of Trog.
  3897 | D:5      | Reached **** piety under Trog
  3944 | D:5      | Found a staircase to the Ecumenical Temple.
  4081 | D:5      | Reached skill level 5 in Short Blades
  4214 | D:5      | Your scales start taking on a weird mottled colour.
  4214 | D:5      | Reached XP level 7. HP: 60/60 MP: 7/7
  4219 | D:5      | Quit the game

Vault maps used:
D:1:      enne_arrival_octagon_isle
D:2:      nicolae_overflow_hidden_temple, amalloy_card_club
D:3:      cheibriados_altar_1, serial_co_window_serial, co_window_paths_b,
          co_window_paths_a, co_window_corner_a, co_window_of_opportunity_a,
          co_window_corner_a, co_window_paths_c, co_window_paths_c,
          co_window_corner_ca, co_window_corner_cb, co_window_broadway_a,
          co_window_paths_c, co_window_4corner_b, minmay_goblin_kobold_house
D:4:      lemuel_doored_altar, cheibrodos_ashenzari_chains, first_bread
D:5:      kennysheep_mini, lemuel_round_altar, minmay_temple_entry_steel_oval,
          serial_park_tiny_1

Skill      XL: |  1  2  3  4  5  6 |
---------------+-------------------+-----
Stealth        | 1 2 3 4 |  4.2
Dodging        | 3 |  3.5
Fighting       | 4 |  4.7
Short Blades   | 4 5 |  5.1

Action                   |  1- 3 |  4- 6 |  7- 9 || total
-------------------------+-------+-------+-------++-------
Melee: Short sword       |   159 |    99 |       ||   258
       Dagger            |       |   104 |       ||   104
Invok: Berserk           |       |     3 |       ||     3
Evoke: Deck              |       |    11 |       ||    11
  Use: Scroll            |       |     2 |       ||     2
 Stab: Sleeping          |     2 |     9 |       ||    11
  Eat: Chunk             |     2 |     6 |       ||     8
       Meat ration       |       |     1 |       ||     1
